 Dungeon Crawl Stone Soup version bcrawl-1.18.1 (webtiles) character file.

Game seed: 10643406093141373829

18 Banto the Insei (level 2, -1/18 HPs)
             Began as an Octopode Transmuter on Nov 11, 2019.
             Slain by a sky beast (5 damage)
             ... on level 1 of the Dungeon.
             The game lasted 00:01:17 (745 turns).

Banto the Insei (Octopode Transmuter)                Turns: 745, Time: 00:01:18

Health: -1/18      AC:  3    Str:  9    XL:     2   Next: 70%
Magic:  3/5        EV: 13    Int: 15    God:
Gold:   60         SH:  0    Dex: 12    Spells: 2/5 levels left

rFire    . . .     SeeInvis .     - Unarmed
rCold    . . .     Gourm    .   (no shield)
rNeg     . . .     Faith    .   e - +2 hat
rPois    .         Spirit   .   (cloak restricted)
rElec    .         Reflect  .   (no amulet)
rCorr    .         Harm     .   (no ring)
MR       .....                  (no ring)
Stlth    ++........             (no ring)
HPRegen  0.06/turn              (no ring)
MPRegen  0.09/turn              (no ring)
                                (no ring)
                                (no ring)
                                (no ring)

@: no status effects
A: almost no armour, stealthy swim, amphibious, 8 rings, constrict 8, camouflage
1, gelatinous body 1
a: no special abilities


You were on level 1 of the Dungeon.
You were not hungry.

You visited 1 branch of the dungeon, and saw 2 of its levels.

You collected 60 gold pieces.

Inventory:

Missiles
 a - 100 arrows
Armour
 e - a +2 hat (worn)
Scrolls
 b - a scroll of teleportation {unknown}
 g - a scroll of identify {unknown}
Potions
 c - a potion of lignification
 f - a potion of mutation {unknown}
 h - a potion of berserk rage {unknown}
 i - 2 potions of ambrosia {unknown}
Comestibles
 d - 3 rations {!d}


   Skills:
 - Level 1.0 Fighting
 - Level 2.0 Dodging
 + Level 3.3 Unarmed Combat
 + Level 2.3 Spellcasting
 + Level 2.4 Transmutations


You had 2 spell levels left.
You knew the following spells:

 Your Spells              Type           Power        Failure   Level  Hunger
a - Beastly Appendage     Tmut           #.....       8%          1    #......
b - Sticks to Snakes      Tmut           #.......     12%         2    ###....

Your spell library contained the following spells:

 Spells                   Type           Power        Failure   Level  Hunger
 Spider Form              Tmut/Pois      #..          36%         3    ###....
 Ice Form                 Ice/Tmut       #.......     78%         4    #####..
 Blade Hands              Tmut           #.........   91%         5    ######.


Dungeon Overview and Level Annotations

Branches:
Dungeon (2/12)

Altars:
The Shining One


Innate Abilities, Weirdness & Mutations

You cannot wear most types of armour.
You are very stealthy in the water. (Stealth+)
You are amphibious.
You can wear up to eight rings at the same time.
You can use your tentacles to constrict eight enemies at once.
Your skin changes colour to match your surroundings (Stealth+).
Your rubbery body absorbs attacks. (AC +1, EV +1)


Message History

Reactivating autopickup.
There is a strange disturbance nearby!
There is a strange disturbance nearby!
Something hits you. Something shocks you.
* * * LOW HITPOINT WARNING * * *
Deactivating autopickup; reactivate with Ctrl-A.
A sky beast appears from thin air!
Reactivating autopickup.
The sky beast flickers out of sight!
Deactivating autopickup; reactivate with Ctrl-A.
A sky beast appears from thin air!
Reactivating autopickup.
The sky beast flickers out of sight!
Deactivating autopickup; reactivate with Ctrl-A.
Casting: Sticks to Snakes (safe; 12% risk of failure)
Confirm with . or Enter, or press ? or * to list all spells.
You create a snake!
You now have arrows for 10 snakes.
Something hits you.
* * * LOW HITPOINT WARNING * * *
Something shocks you.
You die...

..#.......###...###.## #.##.#
.#.#.##..##.##..###.# #.##.#
........##...##..##.# #.##.#
.####..##..8..##..#.#######.##.#
..#...##..8.8..##..............#
....###..8._.8..###..≈#####.####
.##...##..8.8..##...### #.#
.......##..8..##..### #.#
######..#'...##.@## #.# .#
###..##.##S.## #.#
.####.....###...###########.#
...........#..#.....†...#...#
.####......#.##########.#.#######
.# ###......# #.#.# #... .#
#.....## #.#.# #.## .# ####..#
#.#.# #.# .# #### #.#.# #.##


You could see a friendly ball python.

Vanquished Creatures
  A ball python (D:1)
  3 bats (D:1)
  3 goblins (D:1)
  5 hobgoblins (D:1)
  A frilled lizard (D:1)
  A kobold (D:1)
  2 rats
16 creatures vanquished.

Notes
Turn   | Place    | Note
-------+----------+-------------------------------------------
     0 | D:1      | Banto the Octopode Transmuter began the quest for the Orb.
     0 | D:1      | Reached XP level 1. HP: 13/13 MP: 3/3
   156 | D:1      | Reached XP level 2. HP: 18/18 MP: 5/5
   392 | D:1      | Found a glowing golden altar of the Shining One.
   693 | D:2      | Learned a level 2 spell: Sticks to Snakes
   705 | D:2      | Noticed a sky beast
   745 | D:1      | Slain by a sky beast

Action                   || total
-------------------------++-------
Melee: Unarmed           ||    38
       Constrict         ||     9
       Tentacles         ||     7
       Punch             ||     1
 Cast: Sticks to Snakes  ||     2
 Stab: Sleeping          ||     1
Armor: Skin              ||     4
Dodge: Dodged            ||    22
